 Dungeon Crawl Stone Soup version 0.28-a0-1159-g27aa881441 (webtiles) character file.

Game seed: 1495877328015971841

127 DunceCap the Slasher (level 4, 0/37 HPs)
             Began as a Demonspawn Monk on Dec 14, 2021.
             Was a Believer of Dithmenos.
             Slain by an endoplasm (1 damage)
             ... on level 2 of the Dungeon on Dec 16, 2021.
             The game lasted 00:08:05 (1781 turns).

DunceCap the Slasher (Demonspawn Monk)              Turns: 1781, Time: 00:08:05

Health: 0/37       AC:  6    Str: 12    XL:     4   Next: 85%
Magic:  4/4        EV: 16    Int: 13    God:    Dithmenos [**....]
Gold:   44         SH:  4    Dex: 15    Spells: 3/3 levels left

rFire   . . .      SeeInvis .   a - +0 falchion
rCold   . . .      Faith    .   (no shield)
rNeg    . . .      Spirit   .   b - +0 robe
rPois   .          Reflect  .   (no helmet)
rElec   .          Harm     .   (no cloak)
rCorr   .          Rampage  .   (no gloves)
Will    .....                   (no boots)
Stlth   ++........              (no amulet)
HPRegen 0.12/turn               c - +4 ring of evasion
MPRegen 0.09/turn               d - +4 ring of protection

@: wreathed by umbra
A: condensation shield
a: Renounce Religion, Shadow Step


You were on level 2 of the Dungeon.
You worshipped Dithmenos.
Dithmenos was pleased with you.
You visited 1 branch of the dungeon, and saw 2 of its levels.

You collected 44 gold pieces.

Inventory:

Hand Weapons
 a - a +0 falchion (weapon)
Missiles
 e - 6 boomerangs
 f - 11 poisoned darts (quivered)
Armour
 b - a +0 robe (worn)
Jewellery
 c - a +4 ring of evasion (left hand)
 d - a +4 ring of protection (right hand)
Scrolls
 g - 2 scrolls of amnesia {unknown}
 h - 2 scrolls of identify {unknown}
 i - a scroll of fog {unknown}
 j - a scroll of magic mapping {unknown}
 k - a scroll of teleportation {unknown}


   Skills:
 + Level 4.0 Fighting
 * Level 4.4 Long Blades
 - Level 2.6 Dodging
 - Level 1.7 Stealth


You had 3 spell levels left.
You didn't know any spells.
Your spell library contained the following spells:

 Spells                   Type           Power      Damage    Failure   Level
 Ensorcelled Hibernation  Hex/Ice        0%         N/A       43%         2
 Spider Form              Tmut/Pois      0%         N/A       67%         3


Dungeon Overview and Level Annotations

Branches:
Dungeon (2/15)

Altars:
Dithmenos
Trog


Innate Abilities, Weirdness & Mutations

A meltable shield of frost defends you. (SH +4)


Message History

The goblin closely misses you. You block the endoplasm's attack.
The goblin barely misses you. The endoplasm closely misses you.
The goblin completely misses you. The endoplasm misses you.
The goblin barely misses you. The endoplasm freezes you.
You are frozen.
You block the goblin's attack. The endoplasm closely misses you.
The goblin barely misses you. You block the endoplasm's attack.
You block the goblin's attack. The endoplasm freezes you.
You are frozen.
You block the goblin's attack. The endoplasm hits you. The goblin misses you.
The endoplasm freezes you.
You are frozen.
The goblin completely misses you. The endoplasm freezes you.
You are frozen.
The goblin hits you but does no damage. The endoplasm freezes you.
You are frozen.
The goblin hits you but does no damage. The endoplasm freezes you.
You are frozen.
The goblin barely misses you. The endoplasm hits you.
* * * LOW HITPOINT WARNING * * *
You block the goblin's attack. The endoplasm freezes you.
You are frozen.
* * * LOW HITPOINT WARNING * * *
The goblin hits you but does no damage. The endoplasm freezes you.
You are frozen.
* * * LOW HITPOINT WARNING * * *
The goblin barely misses you. The endoplasm freezes you.
You are frozen.
* * * LOW HITPOINT WARNING * * *
The goblin hits you but does no damage. The endoplasm hits you.
You die...

#≈# ##..###.#.####.....
## #...#.#......#.....
#..#.⌠.#...........
#...#.#.†......##.. ##
###.#.###........###.
...##................# #.
.............##.....## #.
............###.....## ##
.......g@...##.......# #
.........J..##.......#
............##.....>.####
............###.....#....
............# ##...#.....
...........## ####......
...##.....## #...... ##
####### #...... #......


You could see an endoplasm and a goblin.

Vanquished Creatures
  An ogre (D:2)
  An adder (D:2)
  4 ball pythons
  3 endoplasms (D:1)
  3 giant cockroaches (D:1)
  2 goblins
  4 hobgoblins (D:1)
  2 kobolds (D:1)
  4 quokkas (D:1)
  2 bats (D:1)
  6 rats
32 creatures vanquished.

Vanquished Creatures (others)
  A plant (D:1)
1 creature vanquished.

Grand Total: 33 creatures vanquished

Notes
Turn   | Place    | Note
-------+----------+-------------------------------------------
     0 | D:1      | DunceCap the Demonspawn Monk began the quest for the Orb.
     0 | D:1      | Reached XP level 1. HP: 18/18 MP: 1/1
   349 | D:1      | Gained mutation: A meltable shield of frost defends you.
                  | (SH +4) [demonic ancestry]
   349 | D:1      | Reached XP level 2. HP: 24/24 MP: 2/2
   604 | D:1      | Found a faded altar of an unknown god.
   641 | D:1      | Prayed at the altar of an unknown god.
   641 | D:1      | Became a worshipper of Dithmenos the Shadowed
   641 | D:1      | Reached * piety under Dithmenos
   641 | D:1      | Reached ** piety under Dithmenos
   988 | D:1      | Reached *** piety under Dithmenos
  1210 | D:1      | Reached XP level 3. HP: 29/29 MP: 3/3
  1444 | D:2      | Found a bloodstained altar of Trog.
  1460 | D:2      | Noticed an ogre
  1489 | D:2      | Killed an ogre
  1490 | D:2      | Reached XP level 4. HP: 37/37 MP: 4/4
  1756 | D:2      | Upgraded the game from 0.28-a0-1152-g9c71ebef14 to
                  | 0.28-a0-1159-g27aa881441
  1780 | D:2      | HP: 1/37 [frozen (4)]
  1781 | D:2      | Slain by an endoplasm

Illustrated notes

Levels and vault maps discovered:
D:1:      dpeg_arrival_water_temple_mockup, layout_basic,
          shapermc_ecumenical_altar_acropolis, serial_forest,
          infiniplex_forest_lined_4_way, infiniplex_forest_diagonal,
          infiniplex_forest_straight_4, infiniplex_forest_diagonal,
          infiniplex_forest_straight_2, infiniplex_forest_end_2,
          infiniplex_forest_straight_3
D:2:      layout_rooms, basic_altar, chequers_serial_rivers_large_a,
          minivault_5, grunt_decor_one_mirror, minmay_fractal_squares_5

Skill      XL: |  1  2  3  4 |
---------------+-------------+-----
Long Blades    | 3 4 |  4.4
Fighting       | 4 |  4.0
Dodging        | |  2.6
Stealth        | |  1.7

Action                   |  1- 3 |  4- 6 || total
-------------------------+-------+-------++-------
Melee: Falchion          |    88 |    14 ||   102
Throw: Dart              |     9 |     4 ||    13
Invok: Shadow Step       |       |     1 ||     1
 Stab: Sleeping          |     6 |       ||     6
Armor: Robe              |    19 |     5 ||    24
Dodge: Dodged            |    64 |    28 ||    92
Block: Other             |     7 |    10 ||    17

Table legend: (Time is in decaauts)
 A = Elapsed time spent in this place.
 B = Non-inter-level travel time spent in this place.
 C = Inter-level travel time spent in this place.
 D = Time resting spent in this place.
 E = Time spent auto-exploring this place.
 F = Levels seen in this place.
 G = Mean time per level.
                   A        B        C        D        E       F      G
               +--------+--------+--------+--------+--------+-----+--------+
         Total |   1803 |   1773 |     30 |    234 |   1088 |   2 |  901.5 |
       Dungeon |   1803 |   1773 |     30 |    234 |   1088 |   2 |  901.5 |
               +--------+--------+--------+--------+--------+-----+--------+

Top non-repeatable levels by time:
     D:1: 1455 daAuts
     D:2: 348 daAuts
